Map: Oceanborn LE

Players

Subwayeatn - Winner!

  • Race: Zerg Zerg
  • League: Platinum
  • Spawn Location: 11:00

DEEM

  • Race: Terran Terran
  • League: Platinum
  • Spawn Location: 5:00

VOD

Have the link to the VOD?

Description

Time

  • Played on: Nov. 3, 2023, 4:12 p.m.
  • Length: 12:54
Show
View Real Time Build Order
Export as new Build Order

Subwayeatn Zerg - Winner!

Build Orders: Hatch First 

Get SALT Encoding   

  12  0:00  Drone  
  13  0:13  Overlord  
  13  0:18  Drone  
  14  0:31  Drone x2  
  16  0:50  Hatchery  
  16  0:54  Drone  
  16  0:55  Drone  
  17  0:59  Drone  
  17  1:03  Extractor  
  17  1:17  Spawning Pool  
  16  1:19  Drone  
  17  1:27  Drone  
  18  1:41  Drone x2  
  20  1:52  Overlord  
  20  2:05  Zergling x2  
  20  2:06  Zergling x2  
  20  2:08  Queen  
  24  2:09  Queen  
  24  2:11  Zergling x2  
  27  2:16  Zergling x2  
  27  2:21  Metabolic Boost  
  28  2:30  Drone x2  
  28  2:33  Drone  
  31  2:38  Drone  
  32  2:45  Drone  
  32  2:49  Queen  
  35  2:51  Drone  
  36  3:03  Hatchery  
  35  3:26  Drone  
  36  3:27  Overlord  
  36  3:29  Overlord  
  36  3:34  Overlord  
  36  3:45  Queen  
  37  3:53  Pneumatized Carapace  
  37  3:57  Drone x9  
  49  4:02  Drone x3  
  49  4:14  Extractor  
  48  4:18  Baneling Nest  
  48  4:21  Drone x2  
  49  4:28  Queen  
  49  4:30  Drone x7  
  58  4:45  Overlord  
  58  4:46  Drone x3  
  61  5:09  Lair  
  61  5:13  Spore Crawler  
  60  5:18  Spore Crawler  
  60  5:19  Spore Crawler  
  58  5:23  Spore Crawler  
  58  5:24  Spore Crawler  
  56  5:28  Drone x3  
  56  5:29  Drone x9  
  56  5:32  Extractor  
  67  5:41  Extractor  
  67  5:42  Extractor  
  65  5:46  Drone x4  
  69  5:55  Drone  
  69  5:56  Drone x3, Evolution Chamber  
  72  5:57  Drone x2  
  72  5:58  Evolution Chamber  
  72  6:04  Extractor  
  72  6:09  Queen  
  74  6:11  Overlord x2  
  74  6:12  Overlord x2  
  74  6:15  Overseer  
  74  6:16  Overseer  
  74  6:17  Overseer  
  74  6:24  Zerg Missile Weapons Level 1  
  74  6:25  Zerg Melee Weapons Level 1  
  74  6:47  Spire  
  74  6:50  Drone x3  
  74  6:51  Drone x3  
  74  6:52  Drone x3  
  82  6:56  Drone x3  
  85  7:02  Overlord x2  
  85  7:20  Hatchery  
  84  7:23  Drone x18  
  84  7:26  Extractor  
  84  7:27  Extractor  
  100  7:39  Drone  
  100  7:40  Overlord  
  100  7:41  Overlord x2  
  101  7:49  Spore Crawler  
  100  7:51  Spire  
  100  7:52  Drone x3  
  102  8:03  Zerg Flyer Weapons Level 1  
  102  8:11  Infestation Pit  
  102  8:12  Overlord  
  101  8:13  Corruptor x9  
  119  8:27  Hatchery  
  119  8:32  Queen  
  119  8:33  Overlord  
  119  8:34  Corruptor x3  
  120  8:39  Overseer  
  120  8:41  Overseer  
  126  8:42  Overseer  
  126  8:49  Hive  
  126  8:56  Zerg Ground Armor Level 1  
  126  9:01  Drone x2  
  126  9:02  Drone  
  129  9:09  Drone x2  
  131  9:13  Drone x3  
  131  9:15  Corruptor x4  
  142  9:23  Zergling x2  
  143  9:25  Extractor  
  143  9:26  Extractor  
  143  9:27  Zergling x2  
  143  9:28  Zergling x2  
  143  9:32  Zerg Flyer Armor Level 1  
  143  9:33  Zerg Melee Weapons Level 2  
  143  9:37  Zergling x2  
  143  9:38  Zergling x22  
  155  9:46  Overlord  
  155  9:50  Overlord x4  
  155  10:00  Spore Crawler x2  
  155  10:02  Spine Crawler  
  155  10:03  Drone x3, Spine Crawler  
  155  10:05  Spine Crawler  
  151  10:18  Drone  
  152  10:22  Spore Crawler  
  152  10:23  Spore Crawler x2  
  152  10:24  Drone x3  
  152  10:25  Drone, Spore Crawler  
  152  10:29  Drone x3  
  152  10:30  Drone x3  
  155  10:36  Drone x2  
  155  10:37  Drone x2  
  159  10:49  Hatchery  
  158  10:50  Extractor  
  158  10:54  Extractor, Spore Crawler x3  
  158  10:56  Spore Crawler  
  152  10:57  Greater Spire  
  152  11:03  Queen  
  154  11:05  Corruptor x6  
  154  11:06  Corruptor  
  168  11:24  Overseer  
  168  11:33  Queen  
  146  12:04  Mutalisk  
  146  12:05  Mutalisk x19  
  182  12:14  Zergling x10  
Show
View Real Time Build Order
Export as new Build Order

DEEM Terran 

Build Orders:  

Get SALT Encoding   

  12  0:02  SCV  
  13  0:14  Supply Depot  
  13  0:17  SCV  
  14  0:25  Refinery  
  14  0:30  SCV  
  15  0:43  Barracks  
  15  0:46  SCV  
  16  0:58  SCV  
  17  1:11  SCV  
  18  1:23  SCV  
  19  1:32  Command Center  
  19  1:46  SCV  
  20  1:48  Factory  
  20  1:49  Marine  
  21  1:58  SCV  
  22  2:04  Supply Depot  
  22  2:10  SCV  
  22  2:12  Refinery  
  23  2:25  SCV  
  24  2:33  Factory Tech Lab  
  24  2:38  SCV, Starport  
  25  2:46  SCV  
  25  2:50  SCV  
  27  2:58  SCV  
  28  3:00  Siege Tank  
  31  3:07  Marine  
  32  3:14  Engineering Bay  
  32  3:20  Starport Tech Lab  
  32  3:24  Supply Depot  
  32  3:25  SCV, Marine  
  34  3:37  SCV  
  35  3:44  Command Center  
  35  3:49  SCV  
  36  3:56  Banshee  
  36  4:00  Cloaking Field  
  36  4:02  SCV  
  40  4:10  SCV  
  40  4:14  SCV  
  42  4:22  Supply Depot, SCV  
  43  4:26  SCV  
  44  4:34  SCV  
  44  4:38  Banshee, SCV  
  49  4:50  Starport  
  49  4:57  SCV, Refinery  
  49  4:58  SCV  
  51  5:01  Refinery  
  51  5:05  SCV, Refinery  
  52  5:09  SCV  
  52  5:10  SCV  
  54  5:15  Siege Tank  
  54  5:17  SCV  
  54  5:21  SCV  
  59  5:26  Banshee  
  62  5:29  SCV  
  62  5:32  Factory  
  62  5:33  SCV  
  64  5:37  SCV  
  64  5:38  Hyperflight Rotors  
  64  5:41  SCV  
  64  5:42  Refinery  
  66  5:45  Starport Tech Lab, SCV  
  66  5:48  Starport  
  66  5:49  SCV  
  68  5:56  Siege Tank  
  71  5:57  SCV  
  71  6:01  Orbital Command  
  72  6:09  SCV  
  72  6:10  Banshee  
  76  6:20  Sensor Tower  
  76  6:21  SCV  
  77  6:28  Starport Tech Lab  
  77  6:29  Supply Depot  
  77  6:33  Factory Tech Lab  
  77  6:51  Banshee, Sensor Tower, SCV x2  
  77  6:52  Supply Depot  
  77  6:53  Banshee  
  85  6:56  Banshee  
  88  7:03  SCV x2  
  88  7:06  Missile Turret  
  90  7:11  Missile Turret  
  90  7:15  SCV, Supply Depot  
  91  7:27  Missile Turret  
  91  7:29  Armory  
  91  7:33  Banshee  
  91  7:34  Orbital Command  
  91  7:36  Banshee  
  97  7:37  Supply Depot  
  97  7:40  Missile Turret  
  97  7:47  Banshee  
  97  7:48  Missile Turret  
  100  8:02  Supply Depot  
  100  8:03  Missile Turret, Widow Mine  
  102  8:10  Starport  
  102  8:16  Banshee  
  102  8:18  Terran Ship Weapons Level 1  
  105  8:20  Armory  
  105  8:23  Banshee  
  105  8:25  Widow Mine  
  110  8:29  Missile Turret  
  110  8:30  Supply Depot  
  110  8:38  Hi-Sec Auto Tracking  
  110  8:46  Widow Mine  
  112  8:48  Missile Turret  
  112  8:49  Starport Tech Lab  
  112  8:51  Factory  
  112  8:53  Supply Depot  
  112  8:59  Viking x2  
  116  9:06  Viking  
  118  9:12  Armory  
  118  9:16  Terran Vehicle And Ship Armor Level 1  
  118  9:18  Supply Depot  
  118  9:26  Liberator  
  118  9:29  Viking x2  
  125  9:35  Neosteel Armor  
  125  9:36  Viking  
  127  9:40  Factory Tech Lab, Supply Depot  
  127  9:44  Factory  
  127  9:59  Liberator x2  
  133  10:00  Fusion Core  
  133  10:03  Terran Vehicle Weapons Level 1  
  133  10:04  Supply Depot  
  110  10:17  Viking x2  
  110  10:19  Thor x2  
  126  10:39  Factory Tech Lab  
  126  10:42  Viking x2  
  130  10:47  Viking  
  132  10:56  Drilling Claws  
  132  11:00  Siege Tank  
  132  11:02  Thor  
  141  11:09  Refinery  
  141  11:21  Refinery  
  141  11:22  Thor  
  114  11:59  Viking x2  
  114  12:00  Viking x2  
  112  12:19  SCV  
  113  12:31  SCV  
Tags
 
Matchup
TvZ
Replay Pack
Multiplayer
Spawn Locations
Cross Positions
Add a new tag
Caveats
  • Supply blocks, unpowered buildings, or Contaminate may cause inaccurate times.
  • Supply counts are checked every 10 seconds.